 Dungeon Crawl Stone Soup version 0.30.0-5-g1a98f26d00 (webtiles) character file.

Game seed: 5807052232909429241

8 Leibowitz the Ducker (level 2, 0/23 HPs)
             Began as a Merfolk Gladiator on May 11, 2023.
             Slain by a goblin
             ... wielding a +0 dagger
              (2 damage)
             ... on level 1 of the Dungeon.
             The game lasted 00:00:48 (146 turns).

Leibowitz the Ducker (Merfolk Gladiator)             Turns: 146, Time: 00:00:48

Health: 0/23       AC:  4    Str: 14    XL:     2   Next: 8%
Magic:  2/2        EV: 10    Int:  7    God:
Gold:   7          SH:  0    Dex: 15    Spells: 1/1 levels left

rFire   . . .        a - +0 trident
rCold   . . .        (no shield)
rNeg    . . .        b - +0 leather armour
rPois   .            c - +0 helmet
rElec   .            (no cloak)
rCorr   .            (no gloves)
SInv    .            (no boots)
Will    .....        (no amulet)
Stlth   +            (no ring)
HPRegen 0.23/turn    (no ring)
MPRegen 0.08/turn

%: no passive effects
@: constricted
A: (nimble swimmer 2), mertail
a: no special abilities


You were on level 1 of the Dungeon.
You visited 1 branch of the dungeon, and saw 1 of its levels.

You collected 7 gold pieces.

Inventory:

Hand Weapons
 a - a +0 trident (weapon)
Missiles
 d - 3 throwing nets (quivered)
 e - a javelin
Armour
 b - a +0 leather armour (worn)
 c - a +0 helmet (worn)


   Skills:
 * Level 2.4 Fighting
 * Level 4.2 Polearms
 - Level 2.0 Throwing
 * Level 4.3 Dodging


You had one spell level left.
You didn't know any spells.
Your spell library was empty.

Dungeon Overview and Level Annotations

Branches:
Dungeon (1/15)

Altars:


Innate Abilities, Weirdness & Mutations

((You are very nimble when in or above water. (Stealth+, EV+, Speed+++)))
Your lower body shifts to a powerful aquatic tail in water.


Message History

The ball python bites you but does no damage.
The ball python constricts you.
You closely miss the goblin.
The ball python bites you but does no damage.
The ball python constricts you. The goblin hits you with a +0 dagger.
The goblin completely misses you.
You miss the goblin.
The ball python bites you but does no damage.
The ball python constricts you. The goblin hits you but does no damage.
The goblin hits you with a +0 dagger.
You barely miss the goblin. The ball python barely misses you.
The ball python constricts you. The goblin hits you but does no damage.
The goblin barely misses you.
The ball python bites you but does no damage.
The ball python constricts you.
The goblin shouts!
You puncture the goblin!
You kill the goblin!
The goblin hits you but does no damage. The ball python completely misses you.
The ball python constricts you.
You barely miss the goblin. The ball python misses you.
The ball python constricts you. The goblin barely misses you.
You barely miss the goblin. The ball python bites you.
The ball python constricts you. The goblin barely misses you.
You miss the goblin.
The ball python bites you but does no damage.
The ball python constricts you. The goblin misses you.
The ball python barely misses you. The ball python constricts you.
You barely miss the goblin. The goblin barely misses you. x2
The ball python bites you but does no damage.
The ball python constricts you.
You barely miss the goblin. The goblin hits you with a +0 dagger.
* * * LOW HITPOINT WARNING * * *
The goblin hits you but does no damage. The ball python closely misses you.
The ball python constricts you.
* * * LOW HITPOINT WARNING * * *
The goblin hits you with a +0 dagger.
* * * LOW HITPOINT WARNING * * *
The goblin hits you with a +0 dagger.
You die...

##....# #.#
#.#.### ###
##.#....# ...
#.#.##>.### ###
..........#
#######...#
#...# #...#
#..@#
#>$...Sgg......
#.###...#...###
#...##.## #...#
.# #.... .
#.... . ....#
#.


You could see 2 goblins and a ball python.

Vanquished Creatures
  A goblin (D:1)
  2 hobgoblins (D:1)
  A quokka (D:1)
  2 bats (D:1)
  A frilled lizard (D:1)
7 creatures vanquished.

Notes
Turn   | Place    | Note
-------+----------+-------------------------------------------
     0 | D:1      | Leibowitz the Merfolk Gladiator began the quest for the
                  | Orb.
     0 | D:1      | Reached XP level 1. HP: 16/16 MP: 1/1
   136 | D:1      | Reached XP level 2. HP: 14/23 MP: 2/2
   146 | D:1      | Slain by a goblin

Illustrated notes

Levels and vault maps discovered:
D:1:      mainiacjoe_arrival_reflecting_pool, layout_loops_ring,
          serial_aquarium, aquarium_bridge_island_small
          [aquarium_subvault_small_open, aquarium_subvault_bridge,
          aquarium_subvault_bridge, aquarium_subvault_wall,
          aquarium_subvault_balcony], aquarium_window_2, aquarium_window_fake,
          aquarium_view_2c, aquarium_balcony_1a, aquarium_pool_2

Action                     || total
---------------------------++-------
  Melee: Trident           ||    33
 Armour: Leather armour    ||    19
  Dodge: Dodged            ||    41
